 Dungeon Crawl Stone Soup version 0.17-a0-744-gaa96792 (console) character file.

25 Fusha the Vexing (level 2, 0/11 HPs)
             Began as a Felid Enchanter on Apr 21, 2015.
             Slain by a jackal (1 damage)
             ... on level 1 of the Dungeon.
             The game lasted 00:04:01 (1147 turns).

Fusha the Vexing (Felid Enchanter)                  Turns: 1147, Time: 00:04:01

Health: 0/11       AC:  1    Str:  4    XL:     2   Next: 86%
Magic:  6/6        EV: 18    Int: 16    God:
Gold:   8          SH:  0    Dex: 16    Spells: 1 memorised, 4 levels left
                                        Lives:  0   Deaths: 0

rFire  . . .     SeeInvis +       - Unarmed
rCold  . . .     Clarity  .     (armour unavailable)
rNeg   . . .     SustAb   .     (shield unavailable)
rPois  .         Gourm    .     (helmet unavailable)
rElec  .         Spirit   .     (cloak unavailable)
rCorr  .         Warding  .     (gloves unavailable)
rMut   .         Rnd*Tele +     (boots unavailable)
MR     .....                    (no amulet)
Stlth  +++.......               (no ring)
                                d - ring of teleportation (curse)

@: quick, not resistant to hostile enchantments, fairly stealthy
A: no armour, no weapons or thrown items, claws 1, fangs 3, see invisible,
carnivore 3, speed 1, shaggy fur 1, slow metabolism 1, sharp paws
a: Evoke Teleportation


You were on level 1 of the Dungeon.
You were completely stuffed.

You visited 1 branch of the dungeon, and saw 2 of its levels.

You collected 8 gold pieces.

Inventory:

Jewellery
 d - a cursed ring of teleportation (left paw)
Scrolls
 c - a scroll of fog {unknown}
 g - a scroll of identify {unknown}
Potions
 e - 2 potions of curing
 f - a potion of heal wounds {unknown}
 h - a potion of resistance {unknown}
Books
 a - a book of Maledictions

   Spells                             Type                      Level
   a - Corona                         Hexes                        1
   b - Ensorcelled Hibernation        Hexes/Ice                    2
   c - Confuse                        Hexes                        3
   d - Tukima's Dance                 Hexes                        3
   e - Dazzling Spray                 Conjuration/Hexes            3
Comestibles
 b - a meat ration


   Skills:
 + Level 3.1 Dodging
 + Level 4.5 Stealth
 * Level 1.6 Unarmed Combat
 + Level 2.0 Spellcasting
 * Level 4.9 Hexes


You had 4 spell levels left.
You knew the following spells:

 Your Spells              Type           Power        Failure   Level  Hunger
a - Corona                Hex            ###....      3%          1    #......


Dungeon Overview and Level Annotations

Branches:
Dungeon (2/15)

Altars:


Innate Abilities, Weirdness & Mutations

You cannot wear armour.
You are incapable of wielding weapons or throwing items.
You have sharp claws.
You have razor-sharp teeth.
You have supernaturally acute eyesight.
You are carnivorous and can eat meat at any time.
You cover ground quickly.
You are covered in fur (AC +1).
You have a slow metabolism.
Your sharp claws are effective at attacking unaware monsters.


Message History

The giant gecko hisses menacingly.
There is a stone staircase leading down here.
You climb downwards.
A worm and a hobgoblin come into view.
Found 28 arrows.
There is a stone staircase leading up here.
The hobgoblin shouts!
A rat comes into view.
An adder and a goblin come into view.
A quokka comes into view.
There is a stone staircase leading up here.
The hobgoblin barely misses you.
You climb upwards.
The giant gecko bites you.
* * * LOW HITPOINT WARNING * * *
The giant gecko barely misses you.
There is a stone staircase leading down here.
The jackal bites you.
* * * LOW HITPOINT WARNING * * *
The jackal bites you.
You die...

#.....(...(# ##.h
#..........# ##..#
#........(.##### #..#.
#.........(....# ##..#
###.#..........######..
#.##...>.......).....
######.##.l.......######..
#....#.##.g.......# #...
#.#.##h##@h.......# #...
#.#..#†##.........# #...
#....#.##.........# #...
######..#.##.........#
#...
#.......#.##..(......#
#...
######.......[.#######
#... #.........# #...
##........# ####
#........# #..


You could see a giant gecko, a jackal and a hobgoblin.

Vanquished Creatures
  A giant gecko (D:1)
  2 giant cockroaches (D:1)
  4 hobgoblins (D:1)
  A jackal (D:1)
  2 kobolds (D:1)
  4 bats (D:1)
  2 giant newts (D:1)
  4 goblins (D:1)
  2 rats (D:1)
22 creatures vanquished.

Notes
Turn   | Place    | Note
--------------------------------------------------------------
     0 | D:1      | Fusha, the Felid Enchanter, began the quest for the Orb.
     0 | D:1      | Reached XP level 1. HP: 7/7 MP: 4/4
   383 | D:1      | Reached XP level 2. HP: 9/11 MP: 3/6
  1147 | D:1      | Slain by a jackal

Action                   || total
-------------------------++-------
Melee: Unarmed           ||    85
 Cast: Corona            ||     7
 Abil: Evoke Teleportati ||     1
  Use: Potion            ||     1
 Stab: Sleeping          ||     2
  Eat: Chunk             ||     8
